 Dungeon Crawl Stone Soup version 0.28.0-45-g0d030f2227 (webtiles) character file.

Game seed: 7331719916014117513

1971 pkoi the Ruffian (level 8, -3/67 HPs)
             Began as a Demigod Gladiator on Apr 10, 2022.
             Slain by a human
             ... wielding a +0 vorpal hand axe
              (11 damage)
             ... in a bailey.
             The game lasted 00:10:31 (10724 turns).

pkoi the Ruffian (Demigod Gladiator)               Turns: 10724, Time: 00:10:31

Health: -3/67      AC: 10    Str: 19    XL:     8   Next: 68%
Magic:  15/15      EV: 13    Int: 20    God:
Gold:   328        SH:  0    Dex: 15    Spells: 9/13 levels left

rFire   . . .      SeeInvis .     - Unarmed
rCold   . . .      Faith    .   (no shield)
rNeg    . . .      Spirit   .   f - +0 steam dragon scales
rPois   .          Reflect  .   b - +0 helmet
rElec   .          Harm     .   (no cloak)
rCorr   .          Rampage  .   (no gloves)
Will    .....                   (no boots)
Stlth   +.........              (no amulet)
HPRegen 0.21/turn               q - +4 ring of protection
MPRegen 0.14/turn               d - +6 ring of intelligence

@: mighty
A: high MP 1, forlorn, divine attributes
a: no special abilities


You were in a bailey.
You visited 1 branch of the dungeon, and saw 7 of its levels.
You also visited: Bailey.

You collected 328 gold pieces.

Inventory:

Hand Weapons
 v - a +1 whip of electrocution
 A - a +3 dagger of speed
Missiles
 c - 2 throwing nets
 l - 7 poisoned darts
Armour
 a - a +0 leather armour
 b - a +0 helmet (worn)
 f - +0 steam dragon scales (worn)
 g - a +0 chain mail
 s - a +0 robe
Magical Staves
 r - a staff of poison
Jewellery
 d - a +6 ring of intelligence (right hand)
 h - a ring of protection from cold
 q - a +4 ring of protection (left hand)
 z - a ring of see invisible
Wands
 n - a wand of flame (18)
Scrolls
 e - a scroll of enchant weapon
 j - 2 scrolls of fear
 p - 4 scrolls of identify
 t - a scroll of brand weapon
 y - a scroll of magic mapping
Potions
 k - a potion of heal wounds
 o - a potion of curing
 u - 3 potions of haste {unknown}
 x - a potion of attraction {unknown}


   Skills:
 + Level 4.7 Fighting
 - Level 1.7 Throwing
 - Level 2.4 Armour
 - Level 3.8 Dodging
 * Level 7.4 Unarmed Combat
 - Level 3.0 Spellcasting
 + Level 3.6 Conjurations
 - Level 1.0 Air Magic
 - Level 1.0 Poison Magic


You had 9 spell levels left.
You knew the following spells:

 Your Spells              Type           Power      Damage    Failure   Level
a - Magic Dart            Conj           68%        1d6       3%          1
b - Mephitic Cloud        Conj/Pois/Air  10%        N/A       21%         3

Your spell library contained the following spells:

 Spells                   Type           Power      Damage    Failure   Level
 Stone Arrow              Conj/Erth      20%        3d8       21%         3
 Call Imp                 Summ           3%         N/A       22%         2
 Animate Armour           Summ/Erth      6%         N/A       80%         4
 Leda's Liquefaction      Hex/Erth       1%         N/A       80%         4
 Lee's Rapid Deconstruct  Erth           1%         3d5*      98%         5
 Statue Form              Tmut/Erth      2%         N/A       100%        6
 Lehudib's Crystal Spear  Conj/Erth      5%         10d3      100%        8


Dungeon Overview and Level Annotations

Branches:
Dungeon (7/15)             Temple (0/1) D:4          Bailey (1/1)

Shops:
D:5 *

Annotations:
D:7 1 transporter


Innate Abilities, Weirdness & Mutations

You have an increased reservoir of magic. (+10% MP)
You shall have no god before yourself.
Your divine heritage dramatically boosts your attributes as you level up.


Message History

* * * LOW HITPOINT WARNING * * *
x2 You closely miss the human.
The human is moderately wounded.
The human closely misses you.
You hit the human but do no damage.
The human is moderately wounded.
The human barely misses you.
You hit the human but do no damage. Your punch misses the human.
The human is moderately wounded.
The human hits you but does no damage.
You barely miss the human.
The human is moderately wounded.
The human misses you. The human closely misses you.
Okay, then.
You feel very mighty all of a sudden. The human hits you but does no damage.
The orc barely misses you.
The human hits you with a +1 vorpal hand axe.
* * * LOW HITPOINT WARNING * * *
x2 You hit the human.
The human is heavily wounded.
The human closely misses you. The orc barely misses you.
The human hits you with a +1 vorpal hand axe.
* * * LOW HITPOINT WARNING * * *
x2 Unknown command.
You punch the human!
The human is severely wounded.
The human barely misses you. The orc hits you but does no damage.
Unknown command.
You barely miss the human.
The human is severely wounded.
The human closely misses you. x2
Unknown command.
You punch the human!
The human is almost dead.
The orc closely misses you. The human hits you but does no damage.
Unknown command.
You completely miss the human. Your punch misses the human.
The human is almost dead.
The human hits you with a +0 vorpal hand axe!
You die...

## ######.
#...... #####
#......##...##
#....).o∩p.#
######)p@).#
#≈≈≈'..∩.)#
#≈≈≈≈##...##
+≈≈≈≈ #####
#≈≈≈ ##≈≈ ##


You could see 2 humans and an orc.

Vanquished Creatures
  Sigmund (D:2)
  A steam dragon (D:7)
  2 humans (Bailey)
  Menkaure (D:6)
  A sky beast (D:4)
  A necrophage (D:7)
  An ogre (D:7)
  A kobold brigand (D:6)
  4 bullfrogs
  A scorpion (D:5)
  A wyvern skeleton (D:6)
  A water moccasin skeleton (D:5)
  2 jellies
  A hound (D:5)
  6 iguanas
  3 orc wizards
  A killer bee zombie (D:7)
  A hound skeleton (D:4)
  3 gnolls (D:5)
  8 adders
  An ufetubus (D:6)
  2 worms
  2 dart slugs
  18 orcs
  7 ball pythons
  4 endoplasms
  4 giant cockroaches
  13 goblins
  13 hobgoblins
  16 kobolds
  5 quokkas
  3 bats (D:1)
  5 frilled lizards
  4 rats
138 creatures vanquished.

Notes
Turn   | Place    | Note
-------+----------+-------------------------------------------
     0 | D:1      | pkoi the Demigod Gladiator began the quest for the Orb.
     0 | D:1      | Reached XP level 1. HP: 17/17 MP: 3/3
   240 | D:1      | Reached XP level 2. HP: 19/24 MP: 4/4
   241 | D:1      | Reached skill level 3 in Unarmed Combat
  1093 | D:2      | Noticed Sigmund
  1404 | D:2      | Reached XP level 3. HP: 15/29 MP: 5/5
  1412 | D:2      | Reached skill level 1 in Armour
  1927 | D:2      | Killed Sigmund
  1928 | D:2      | Reached skill level 4 in Unarmed Combat
  1928 | D:2      | Reached XP level 4. HP: 19/37 MP: 6/6
  1928 | D:2      | Reached XP level 5. HP: 22/44 MP: 7/7
  3957 | D:3      | Reached XP level 6. HP: 24/51 MP: 8/8
  4395 | D:4      | Learned a level 1 spell: Magic Dart
  5103 | D:4      | Learned a level 3 spell: Mephitic Cloud
  5206 | D:4      | Found a staircase to the Ecumenical Temple.
  5561 | D:5      | Entered Level 5 of the Dungeon
  5672 | D:5      | Found Beumayvi's Overcharged Wands.
  6137 | D:5      | Reached skill level 5 in Unarmed Combat
  6443 | D:5      | Reached skill level 1 in Air Magic
  6463 | D:5      | Reached skill level 1 in Poison Magic
  6741 | D:5      | Reached skill level 1 in Spellcasting
  6741 | D:5      | Reached skill level 1 in Conjurations
  6741 | D:5      | Reached XP level 7. HP: 37/57 MP: 6/11
  6923 | D:5      | HP: 2/57 [poisoned by a scorpion]
  7958 | D:6      | Noticed Menkaure
  8758 | D:6      | Killed Menkaure
  9072 | D:6      | Reached skill level 6 in Unarmed Combat
  9928 | D:7      | Reached XP level 8. HP: 36/66 MP: 11/14
 10088 | D:7      | Identified a scroll of acquirement
 10088 | D:7      | Acquired a +6 ring of intelligence
 10315 | D:7      | Found a transporter.
 10315 | D:7      | Noticed a skeletal warrior
 10374 | D:7      | Found a flagged portal.
 10581 | Bailey   | Entered a bailey
 10612 | Bailey   | Reached skill level 7 in Unarmed Combat
 10686 | Bailey   | HP: 3/67 [human/+0 vorpal hand axe (6)]
 10724 | Bailey   | Slain by a human

Illustrated notes

Levels and vault maps discovered:
D:1:      ebering_trefoil_3fold, layout_loops_ring, basic_ecumenical_altar,
          hex_large
D:2:      layout_basic, grunt_decor_resistance, uniq_sigmund
D:3:      layout_basic, eat_drink_and_be_merry_uskayaw
D:4:      layout_gridville, lemuel_round_altar,
          chequers_temple_overflow_minitemple, mainiacjoe_overflow_tiny_flanked,
          minmay_temple_entry_hall
D:5:      layout_rooms, corexii_leaking_fountain, nicolae_shop_overcharged_wands
D:6:      layout_rooms, uniq_menkaure
D:7:      wander_river, layout_basic, lightli_temple_of_fire,
          grunt_dithmenos_shadows, gammafunk_temple_overflow_arena,
          elyvilon_altar_4, serial_glass, glass_columns_a, glass_columns_b,
          enter_bailey_3
Bailey:   bailey_axe_froggy_fort_hellmonk, bailey

Skill      XL: |  1  2  3  4  5  6  7  8 |
---------------+-------------------------+-----
Fighting       | 2 3 4 |  4.7
Unarmed Combat | 3 4 5 6 7 |  7.4
Dodging        | 3 |  3.8
Armour         | 2 |  2.4
Air Magic      | 1 |  1.0
Poison Magic   | 1 |  1.0
Spellcasting   | 1 2 3 |  3.0
Conjurations   | 1 2 3 |  3.6
Throwing       | |  1.7

Action                   |  1- 3 |  4- 6 |  7- 9 || total
-------------------------+-------+-------+-------++-------
Melee: Unarmed           |   152 |   262 |   189 ||   603
       Punch             |     2 |    12 |     8 ||    22
       Whip              |       |       |     5 ||     5
Throw: Throwing net      |     3 |       |       ||     3
 Cast: Magic Dart        |       |    11 |    68 ||    79
       Mephitic Cloud    |       |       |     2 ||     2
Evoke: Wand              |       |     3 |       ||     3
  Use: Scroll            |     2 |     4 |     3 ||     9
       Potion            |     1 |     2 |     8 ||    11
 Stab: Held in net/web   |     1 |       |       ||     1
       Invisible         |       |       |     3 ||     3
Armor: Leather armour    |    35 |       |       ||    35
       Chain mail        |    18 |    88 |       ||   106
       Robe              |       |     7 |    25 ||    32
       Steam dragon scal |       |       |    21 ||    21
Dodge: Dodged            |    93 |    99 |   139 ||   331
